 Dungeon Sprint DCSS version 0.26.1-2-gb8aa6d0cf2 (webtiles) character file.

Game seed: 848118703291498465

5717 mhtbhm the Bludgeoner (level 10, -14/166 HPs)
             Began as a Troll Berserker on Mar 24, 2021.
             Was a High Priest of Trog.
             Demolished by an eight-headed hydra (16 damage)
             ... in the Dungeon (Sprint IX: "|||||||||||||||||||||||||||||").
             The game lasted 00:03:26 (553 turns).

mhtbhm the Bludgeoner (Troll Berserker)              Turns: 553, Time: 00:03:26

Health: -14/166    AC:  6    Str: 37    XL:     10   Next: 48%
Magic:  9/9        EV: 15    Int:  6    God:    Trog [*****.]
Gold:   0          SH:  0    Dex: 12    Spells: 9/9 levels left

rFire    . . .     SeeInvis .   a - +3 giant club "Skullcrusher" {speed, Str+7}
rCold    . . .     Faith    .   (shield currently unavailable)
rNeg     . . .     Spirit   .   b - +0 animal skin
rPois    .         Reflect  .   (helmet restricted)
rElec    .         Harm     .   (no cloak)
rCorr    .         Rampage  .   (gloves unavailable)
Will     .....     NoTele   +   (boots unavailable)
Stlth    ..........             (no amulet)
HPRegen  0.77/turn              l - +3 ring of intelligence
MPRegen  0.11/turn              m - +3 ring of dexterity

@: berserking (expiring), lethally poisoned (-14 -> -15), very quick
A: large, unfitting armour, claws 3, regeneration 1, shaggy fur 1, tough skin 3
a: Renounce Religion, Berserk, Trog's Hand, Brothers in Arms


You were in the Dungeon.
You worshipped Trog.
Trog was extremely pleased with you.
You visited 1 branch

Inventory:

Hand Weapons
 a - the +3 giant club "Skullcrusher" (weapon) {speed, Str+7}
   (Trog gifted it to you in the Dungeon)

   Attacks with this weapon are significantly faster.
   It affects your strength (+7).
Armour
 b - a +0 animal skin (worn)
Jewellery
 l - a +3 ring of intelligence (left claw)
 m - a +3 ring of dexterity (right claw)
Wands
 k - a wand of iceblast (10)
Scrolls
 h - 2 scrolls of blinking
 j - 3 scrolls of remove curse
 o - 4 scrolls of enchant weapon
 p - 6 scrolls of enchant armour
Potions
 c - 5 potions of curing
 d - 3 potions of heal wounds
 e - 3 potions of haste
 f - 4 potions of magic
 g - 2 potions of berserk rage
 i - a potion of invisibility
 n - a potion of resistance


   Skills:
 + Level 10.8 Fighting
 + Level 15.5 Maces & Flails
 + Level 11.3 Dodging
 + Level 1.4 Stealth


You had 9 spell levels left.
You didn't know any spells.
Your spell library was empty.

Dungeon Overview and Level Annotations

Branches:
Dungeon (1/1)

Altars:
Cheibriados
Dithmenos
Elyvilon
Fedhas
Gozag
Hepliaklqana
Kikubaaqudgha
Makhleb
Nemelex Xobeh
Okawaru
Qazlal
Ru
Sif Muna
Trog
Uskayaw
Vehumet
Wu Jian
Xom
Yredelemnul
Zin
The Shining One
Beogh
Jiyva
Lugonu


Innate Abilities, Weirdness & Mutations

You are too large for most types of armour.
You have claws for hands.
Your natural rate of healing is unusually fast.
You are covered in fur. (AC +1)
You have extremely tough skin. (AC +3)


Message History

You feel sick.
You bludgeon the eight-headed hydra!!
The eight-headed hydra is almost dead.
You barely miss the eight-headed hydra.
The eight-headed hydra is almost dead.
You feel sick. The eight-headed hydra bites you!
* * * LOW HITPOINT WARNING * * *
The eight-headed hydra bites you!
* * * LOW HITPOINT WARNING * * *
The eight-headed hydra barely misses you.
The eight-headed hydra bites you!
* * * LOW HITPOINT WARNING * * *
The eight-headed hydra bites you!
* * * LOW HITPOINT WARNING * * *
The eight-headed hydra bites you.
* * * LOW HITPOINT WARNING * * *
The eight-headed hydra bites you!
* * * LOW HITPOINT WARNING * * *
The eight-headed hydra bites you!
You die...

▓▓▓▓▓▓▓▓▓▓▓▓▓▓▓▓▓▓▓▓▓▓▓▓▓▓▓▓▓▓▓▓▓
'________________________'.?).[[[
▓▓▓▓▓▓▓▓▓▓▓▓▓▓▓▓▓▓▓▓▓▓▓▓▓▓▓▓▓▓▓▓▓
.................................
▓▓▓▓▓▓▓▓▓▓▓▓▓▓▓▓▓▓▓▓▓▓▓▓▓▓▓▓▓▓▓▓▓
.....)††......)†@DF.....
▓▓▓▓▓▓▓▓▓▓▓▓▓▓▓▓▓▓▓▓▓▓▓▓


You could see an eight-headed hydra and a cane toad.

Vanquished Creatures
  A hydra (D)
  A tengu warrior (D)
  A manticore (D)
  A black mamba (D)
  A gargoyle (D)
  2 cane toads (D)
  2 rime drakes (D)
  3 komodo dragons (D)
  A polar bear (D)
  A hornet (D)
  A wraith (D)
  A basilisk (D)
  2 water moccasins (D)
  2 phantoms (D)
  2 ice beasts (D)
  3 bullfrogs (D)
  2 orc wizards (D)
  A worker ant (D)
  An adder (D)
  An ufetubus (D)
  An adder zombie (D)
  2 dart slugs (D)
  An orc (D)
  A giant cockroach (D)
  2 kobolds (D)
  A rat (D)
38 creatures vanquished.

Notes
Turn   | Place    | Note
-------+----------+-------------------------------------------
     0 | D        | mhtbhm the Troll Berserker began the quest for the Orb.
     0 | D        | Reached XP level 1. HP: 22/22 MP: 0/0
     9 | D        | Reached skill level 3 in Maces & Flails
    17 | D        | Reached ** piety under Trog
    32 | D        | Noticed a phantom
    32 | D        | Noticed an orc wizard
    42 | D        | Killed a phantom
    43 | D        | Reached skill level 5 in Maces & Flails
    43 | D        | Reached XP level 2. HP: 33/33 MP: 1/1
    43 | D        | Reached XP level 3. HP: 40/40 MP: 2/2
    43 | D        | Reached XP level 4. HP: 49/49 MP: 3/3
    44 | D        | Reached *** piety under Trog
    47 | D        | Reached skill level 5 in Dodging
    61 | D        | Reached skill level 5 in Fighting
    61 | D        | Reached skill level 6 in Maces & Flails
    74 | D        | Reached **** piety under Trog
    75 | D        | Reached XP level 5. HP: 22/57 MP: 4/4
    80 | D        | Found a roughly hewn altar of Beogh.
    80 | D        | Found a snail-covered altar of Cheibriados.
    80 | D        | Found a shadowy altar of Dithmenos.
    80 | D        | Found a white marble altar of Elyvilon.
    80 | D        | Found a blossoming altar of Fedhas.
    80 | D        | Found an opulent altar of Gozag.
    81 | D        | Found a hazy altar of Hepliaklqana.
    82 | D        | Found a viscous altar of Jiyva.
    83 | D        | Found an ancient bone altar of Kikubaaqudgha.
    84 | D        | Found a corrupted altar of Lugonu.
    85 | D        | Found a burning altar of Makhleb.
    86 | D        | Found a sparkling altar of Nemelex Xobeh.
    87 | D        | Found an iron altar of Okawaru.
    88 | D        | Found a stormy altar of Qazlal.
    89 | D        | Found a sacrificial altar of Ru.
    90 | D        | Found a shimmering blue altar of Sif Muna.
    91 | D        | Found a bloodstained altar of Trog.
    92 | D        | Found a hide-covered altar of Uskayaw.
    93 | D        | Found a radiant altar of Vehumet.
    94 | D        | Found an ornate altar of the Wu Jian Council.
    95 | D        | Found a shimmering altar of Xom.
    96 | D        | Found a basalt altar of Yredelemnul.
    97 | D        | Found a glowing silver altar of Zin.
    98 | D        | Found a glowing golden altar of the Shining One.
   142 | D        | Noticed a hornet
   142 | D        | Noticed a phantom
   142 | D        | Noticed an ice beast
   144 | D        | Paralysed by a hornet for 3 turns
   150 | D        | Killed a hornet
   151 | D        | Reached skill level 8 in Maces & Flails
   151 | D        | Reached XP level 6. HP: 40/67 MP: 5/5
   159 | D        | Killed an ice beast
   163 | D        | Reached ***** piety under Trog
   172 | D        | Reached skill level 9 in Maces & Flails
   172 | D        | Reached XP level 7. HP: 62/76 MP: 6/6
   191 | D        | Noticed a tengu warrior
   191 | D        | Noticed a gargoyle
   191 | D        | Noticed a manticore
   191 | D        | Noticed a wraith
   202 | D        | Killed a tengu warrior
   203 | D        | Reached skill level 11 in Maces & Flails
   203 | D        | Reached XP level 8. HP: 73/88 MP: 7/7
   208 | D        | Received a gift from Trog
   210 | D        | Killed a gargoyle
   265 | D        | Killed a manticore
   266 | D        | Reached skill level 12 in Maces & Flails
   272 | D        | Reached skill level 10 in Dodging
   272 | D        | Reached XP level 9. HP: 97/97 MP: 8/8
   398 | D        | Noticed a komodo dragon
   398 | D        | Noticed a rime drake
   403 | D        | Noticed a black mamba
   407 | D        | Killed a komodo dragon
   408 | D        | Reached skill level 13 in Maces & Flails
   414 | D        | Noticed a rime drake
   416 | D        | Received a gift from Trog
   417 | D        | Found the +3 giant club "Skullcrusher" {speed, Str+7}
   418 | D        | Killed a rime drake
   424 | D        | Killed a black mamba
   425 | D        | Noticed a komodo dragon
   432 | D        | Killed a rime drake
   433 | D        | Reached skill level 14 in Maces & Flails
   437 | D        | Killed a komodo dragon
   438 | D        | Reached skill level 10 in Fighting
   520 | D        | Noticed a komodo dragon
   520 | D        | Noticed a cane toad
   520 | D        | Noticed a polar bear
   520 | D        | Noticed a cane toad
   520 | D        | Noticed a seven-headed hydra
   525 | D        | Killed a komodo dragon
   526 | D        | Reached XP level 10. HP: 110/110 MP: 9/9
   528 | D        | Killed a cane toad
   529 | D        | Reached skill level 1 in Stealth
   530 | D        | Noticed an eight-headed hydra
   532 | D        | Received a gift from Trog
   533 | D        | Noticed a cane toad
   538 | D        | Killed a seven-headed hydra
   539 | D        | Reached skill level 15 in Maces & Flails
   541 | D        | Killed a cane toad
   553 | D        | HP: 2/166 [eight-headed hydra (14)]
   553 | D        | Demolished by an eight-headed hydra

Illustrated notes

Levels and vault maps discovered:
D:        linesprint [early_d, line_temple, items_1, d_10, items_2, lair_1,
          lair_end, items_3, orc_1, orc_end, items_4, d_15, swamp_1, shoals_1,
          snake_1, spider_1, d_20, vaults_1, items_5, swamp_end, shoals_end,
          snake_end, spider_end, vaults_end, d_27, items_6, zot_1, zot_end,
          crypt_end, forest_end, elf_end, slime_end, tomb_end, abyss_end,
          pan_hell_end]

Skill      XL: |  1  2  3  4  5  6  7  8  9 10 |
---------------+-------------------------------+-----
Maces & Flails | 5 6 8 9 11 12 14 15 | 15.5
Fighting       | 4 5 6 8 10 | 10.8
Dodging        | 4 5 7 9 10 11 | 11.3
Stealth        | 1 |  1.4

Action                   |  1- 3 |  4- 6 |  7- 9 | 10-12 || total
-------------------------+-------+-------+-------+-------++-------
Melee: Mace              |    27 |    31 |       |       ||    58
       Dire flail        |       |    21 |    70 |       ||    91
       Giant club        |       |       |     4 |    26 ||    30
Invok: Berserk           |     1 |     1 |     4 |       ||     6
       Trog's Hand       |       |     1 |       |       ||     1
  Use: Potion            |       |     1 |       |       ||     1
Armor: Animal skin       |     6 |    32 |    11 |     1 ||    50
Dodge: Dodged            |    12 |    27 |    26 |     7 ||    72
